 Dungeon Crawl Stone Soup version 0.28.0-53-g5a82cb258f (webtiles) character file.

Game seed: 4748071024807573303

25195 wingedge the Fighter (level 12, -5/113 HPs)
             Began as a White Draconian Abyssal Knight on June 9, 2022.
             Was a High Priest of Lugonu.
             Slain by a komodo dragon (13 damage)
             ... on level 5 of the Lair of Beasts.
             The game lasted 00:54:09 (17051 turns).

wingedge the Fighter (DrAK)                        Turns: 17051, Time: 00:54:10

Health: -5/113     AC: 13    Str: 19    XL:     12   Next: 87%
Magic:  19/19      EV: 12    Int: 11    God:    Lugonu [*****.]
Gold:   918        SH: 16    Dex: 13    Spells: 11/11 levels left

rFire   . . .      SeeInvis .   b - +3 whip (distort)
rCold   + . .      Faith    +   C - +1 tower shield of the Evil One {rPois}
rNeg    . . .      Spirit   .   (armour unavailable)
rPois   +          Reflect  .   N - +0 hat
rElec   .          Harm     .   (no cloak)
rCorr   .          Rampage  .   Q - +0 pair of gloves
Will    .....                   (no boots)
Stlth   +.........              w - amulet of faith
HPRegen 0.28/turn               h - +4 ring of protection
MPRegen 0.16/turn               W - ring of flight

@: short of breath, flying
A: breathe frost, AC +8, unfitting armour, cold resistance 1, cold-blooded
a: Breathe Frost, Renounce Religion, Depart the Abyss, Bend Space, Banish,
Corrupt, Enter the Abyss


You were on level 5 of the Lair of Beasts.
You worshipped Lugonu.
Lugonu was extremely pleased with you.
You visited 2 branches of the dungeon, and saw 14 of its levels.
You visited the Abyss 2 times.
You also visited: Sewer.

You collected 918 gold pieces.

Inventory:

Hand Weapons
 a - the +8 whip "Snakebite" {venom, curare, rPois}
   (You found it on level 2 of the Lair of Beasts)

   It poisons the flesh of those it strikes.
   It occasionally inflicts asphyxiating poison on those it strikes, dealing
   poison damage and causing slowness.
   rPois:     It protects you from poison.
 b - a +3 whip of distortion (weapon)
 A - a +0 war axe
 G - the +9 dagger "Safaux" {freeze, rElec rPois rC- rCorr}
   (You found it on level 7 of the Dungeon)

   It freezes those it strikes, dealing additional cold damage.
   It can also slow down cold-blooded creatures.
   rC:        It makes you vulnerable to cold.
   rElec:     It insulates you from electricity.
   rPois:     It protects you from poison.
   rCorr:     It protects you from acid and corrosion.
 I - a +0 hand crossbow
 L - a +4 war axe
Missiles
 d - 57 poisoned darts
 j - 306 arrows
 l - 103 sling bullets
 p - 7 boomerangs
 J - 84 bolts
Armour
 m - a +0 kite shield
 y - a +0 buckler
 C - the +1 tower shield of the Evil One (worn) {rPois}
   (You acquired it on level 2 of the Lair of Beasts)

   rPois:     It protects you from poison.
 N - a +0 hat (worn)
 Q - a +0 pair of gloves (worn)
Magical Staves
 e - a staff of earth
 u - a staff of cold
Jewellery
 h - a +4 ring of protection (left hand)
 w - an amulet of faith (around neck)
 R - a ring of ice
 W - a ring of flight (right hand)
Wands
 g - a wand of digging (8)
 x - a wand of iceblast (15)
 D - a wand of charming (10)
 E - a wand of flame (71)
 F - a wand of mindburst (9)
Scrolls
 f - 2 scrolls of noise
 i - 2 scrolls of amnesia
 o - 3 scrolls of fear
 t - 3 scrolls of teleportation
 B - a scroll of blinking
 H - a scroll of magic mapping
 P - 3 scrolls of vulnerability
 S - 2 scrolls of enchant weapon
 U - a scroll of silence {unknown}
 V - 2 scrolls of identify
Potions
 c - a potion of heal wounds {unknown}
 k - 2 potions of mutation
 n - a potion of magic {unknown}
 q - 2 potions of attraction
 r - 3 potions of brilliance
 s - a potion of invisibility {unknown}
 v - 3 potions of curing
 z - a potion of degeneration {unknown}
 K - a potion of haste {unknown}
 M - 2 potions of lignification
 O - 3 potions of ambrosia
 T - a potion of berserk rage


   Skills:
 + Level 12.7 Fighting
 - Level 6.0(8.7) Axes
 + Level 9.7(10.5) Maces & Flails
 + Level 8.2 Dodging
 * Level 9.3 Shields
 + Level 9.7 Invocations


You had 11 spell levels left.
You didn't know any spells.
Your spell library contained the following spells:

 Spells                   Type           Power      Damage    Failure   Level
 Shock                    Conj/Air       0%         1d3       94%         1
 Summon Small Mammal      Summ           0%         N/A       94%         1
 Call Canine Familiar     Summ           0%         N/A       100%        3
 Summon Guardian Golem    Hex/Summ       0%         N/A       100%        3
 Swiftness                Air            0%         N/A       100%        3
 Tukima's Dance           Hex            0%         N/A       100%        3
 Airstrike                Air            0%         N/A       100%        4
 Passage of Golubria      Tloc           0%         N/A       100%        4
 Summon Lightning Spire   Summ/Air       0%         N/A       100%        4
 Lightning Bolt           Conj/Air       0%         1d11      100%        5
 Yara's Violent Unravell  Hex/Tmut       0%         3d3       100%        5


Dungeon Overview and Level Annotations

Branches:
Dungeon (9/15)             Temple (0/1) D:6            Lair (5/6) D:9
 Shoals (0/4) Lair:2        Snake (0/4) Lair:3        Slime (0/5) Lair:5
  Sewer (visited)
    Orc: D:9-12

Altars:
Ashenzari
Dithmenos
Elyvilon
Kikubaaqudgha
Makhleb
Nemelex Xobeh
Okawaru
Ru
Trog
Vehumet
Wu Jian
Xom
The Shining One
Jiyva

Shops:
D:6 :   D:9 [

Annotations:
Lair:2 3 runed translucent doors, DemonSlayer's ghost, journeyman DsFE; TacoSundae's ghost, journeyman DsIE; reversiblehash's ghost, journeyman GnFi
Abyss:1 Grinder, Maggie


Innate Abilities, Weirdness & Mutations

You can breathe waves of freezing cold which knock back foes.
Your icy white scales are hard. (AC +8)
You cannot fit into any form of body armour.
Your flesh is cold resistant. (rC+)
You are cold-blooded and may be slowed by cold attacks.


Message History

The six-headed hydra is severely wounded.
The helpless six-headed hydra fails to defend itself.
You hit the six-headed hydra.
The six-headed hydra is severely wounded.
The six-headed hydra blinks!
The six-headed hydra is no longer petrified.
You block the komodo dragon's attack.
Unknown command.
The komodo dragon bites you!!
You block the six-headed hydra's attack.
The six-headed hydra bites you but does no damage.
The six-headed hydra bites you.
The six-headed hydra bites you but does no damage.
You block the six-headed hydra's attack.
The six-headed hydra misses you.
Unknown command.
The catoblepas breathes a plume of calcifying dust at you.
The blast of calcifying dust hits the six-headed hydra.
The blast of calcifying dust hits the eight-headed hydra!
The blast of calcifying dust hits you!
The eight-headed hydra is engulfed in calcifying dust.
The eight-headed hydra is moving more slowly.
You block the eight-headed hydra's attack.
The eight-headed hydra bites you but does no damage.
The eight-headed hydra bites you. The eight-headed hydra bites you!
* * * LOW HITPOINT WARNING * * *
The eight-headed hydra bites you.
* * * LOW HITPOINT WARNING * * *
You block the eight-headed hydra's attack.
The eight-headed hydra bites you but does no damage.
You block the eight-headed hydra's attack.
The six-headed hydra bites you.
* * * LOW HITPOINT WARNING * * *
The six-headed hydra bites you.
* * * LOW HITPOINT WARNING * * *
The six-headed hydra misses you. The six-headed hydra barely misses you.
The six-headed hydra bites you!
* * * LOW HITPOINT WARNING * * *
The six-headed hydra barely misses you. The komodo dragon bites you!
You die...

.♣ ♣.♣ ♣.♣ #####♣.♣#####
♣.#. ♣♣....♣.♣....♣♣
(≈≈≈/#♣.≈≈≈≈≈≈≈≈≈≈≈.♣
.≈≈≈Y§D≈lD≈†≈≈≈≈≈≈≈≈.
?≈≈≈$#♣§D@≈≈≈≈≈≈≈≈≈.♣
♣.#. ♣♣..§§♣.♣....♣ ♣.
#####♣.♣ #### # ♣. ♣♣
♣♣...♣♣♣ .##.
♣.♣♣.♣♣♣♣.♣♣ ♣♣#...P
##.# ♣..♣♣...♣.♣♣♣.#....
#..# ♣♣.♣♣..♣♣♣.♣.♣#....
####P.## #### ♣♣....♣
♣♣.♣♣#.... .##....#
#..########†########....


You could see an eight-headed hydra (petrifying), 2 six-headed hydras and a
komodo dragon.

Vanquished Creatures
  A hydra (Lair:1)
  4 black mambas
  4 cane toads
  3 komodo dragons
  A kobold demonologist (D:9)
  A burning bush (Lair:3)
  A troll (D:9)
  A polar bear (Lair:1)
  4 blink frogs (Lair:4)
  25 yaks
  Sigmund (D:5)
  3 wyverns
  4 basilisks
  7 nagas (Lair:3)
  An acid dragon (D:9)
  2 wargs (D:8)
  11 water moccasins
  An orc warrior (D:8)
  2 black bears
  2 ogres (D:5)
  11 wolves
  2 necrophages
  7 centaurs
  6 kobold brigands
  12 bullfrogs
  A gnoll sergeant (D:6)
  2 wyvern zombies
  2 scorpions (D:5)
  12 wights
  An electric eel (Lair:5)
  2 vampire bats
  A howler monkey (D:8)
  2 centaur zombies
  6 hounds
  2 jellies (D:6)
  A gnoll shaman (D:7)
  4 orc priests
  2 bullfrog skeletons
  A centaur skeleton (D:7)
  Crazy Yiuf (D:5)
  An iguana (D:5)
  9 orc wizards
  A hound skeleton (D:5)
  A howler monkey zombie (D:7)
  10 adders
  9 gnolls
  2 shadow imps
  2 ufetubi
  An adder zombie (Sewer)
  An adder skeleton (D:3)
  A worm (D:4)
  3 dart slugs
  38 orcs
  13 bats
  2 bat skeletons (D:5)
  5 bat zombies
  7 endoplasms
  8 giant cockroaches
  9 goblins
  5 hobgoblins
  9 jackals
  4 quokkas
  6 ball pythons
  3 frilled lizards
  38 kobolds
  5 rats
350 creatures vanquished.

Vanquished Creatures (others)
  3 fungi
  51 plants
  4 withered plants (Lair:2)
58 creatures vanquished.

Grand Total: 408 creatures vanquished

Notes
Turn   | Place    | Note
-------+----------+-------------------------------------------
     0 | Abyss:1  | wingedge the Draconian Abyssal Knight began the quest for
                  | the Orb.
     0 | Abyss:1  | Reached XP level 1. HP: 19/19 MP: 2/2
     9 | D:1      | Escaped the Abyss
   113 | D:1      | Reached XP level 2. HP: 20/26 MP: 3/3
   348 | D:1      | Reached ** piety under Lugonu
   777 | D:2      | Reached XP level 3. HP: 33/33 MP: 4/4
   786 | D:2      | Reached skill level 4 in Fighting
  1318 | D:3      | Found a faded altar of an unknown god.
  1325 | D:3      | Reached XP level 4. HP: 40/41 MP: 5/5
  2219 | D:4      | Found a glowing drain.
  2235 | Sewer    | Entered a sewer
  2241 | Sewer    | Reached *** piety under Lugonu
  2273 | Sewer    | Reached skill level 5 in Fighting
  2273 | Sewer    | Reached XP level 5. HP: 47/48 MP: 6/6
  2354 | Sewer    | Noticed a necrophage
  2376 | Sewer    | Killed a necrophage
  2406 | Sewer    | Noticed Grinder
  2423 | Sewer    | Banished Grinder
  2424 | Sewer    | Reached skill level 6 in Fighting
  2424 | Sewer    | Reached skill level 5 in Axes
  2424 | Sewer    | Reached XP level 6. HP: 35/58 MP: 2/7
  2482 | Sewer    | Found an ancient bone altar of Kikubaaqudgha.
  2518 | Sewer    | Your scales start taking on an icy white colour.
  2518 | Sewer    | Reached XP level 7. HP: 28/64 MP: 8/8
  2518 | Sewer    | Gained mutation: Your flesh is cold resistant. (rC+) [White
                  | Draconian growth]
  2802 | D:4      | Found a radiant altar of Vehumet.
  2817 | D:4      | Reached skill level 7 in Fighting
  3068 | D:4      | Reached **** piety under Lugonu
  3069 | D:4      | Reached skill level 1 in Maces & Flails
  3153 | D:4      | Found a broken altar of Ashenzari.
  3263 | D:5      | Entered Level 5 of the Dungeon
  3325 | D:5      | Noticed Sigmund
  3434 | D:5      | Killed Sigmund
  3435 | D:5      | Reached XP level 8. HP: 62/74 MP: 9/9
  3437 | D:5      | Reached skill level 8 in Fighting
  3911 | D:5      | Found a glowing golden altar of the Shining One.
  3929 | D:5      | Found an ornate altar of the Wu Jian Council.
  4111 | D:5      | Found an ancient bone altar of Kikubaaqudgha.
  4206 | D:5      | Found a runed translucent door.
  4207 | D:5      | Noticed Crazy Yiuf
  4216 | D:5      | Killed Crazy Yiuf
  4360 | D:6      | Reached skill level 9 in Fighting
  4369 | D:6      | Reached ***** piety under Lugonu
  4453 | D:6      | Found Duhiadu's Book Shop.
  4476 | D:6      | Found a shimmering altar of Xom.
  4509 | D:6      | Found an iron altar of Okawaru.
  4541 | D:6      | Reached skill level 5 in Maces & Flails
  4541 | D:6      | Reached skill level 1 in Shields
  4546 | D:6      | Found a staircase to the Ecumenical Temple.
  4593 | D:6      | Reached XP level 9. HP: 80/83 MP: 11/11
  5141 | D:6      | Found a burning altar of Makhleb.
  5146 | D:6      | Found a shadowy altar of Dithmenos.
  5151 | D:6      | Found a white marble altar of Elyvilon.
  5385 | D:7      | Noticed Maggie
  5395 | D:7      | Banished Maggie
  5426 | D:7      | Identified the +9 dagger "Safaux" {freeze, rElec rPois rC-
                  | rCorr}
  5452 | D:7      | Identified the +6 scale mail "Bucvev" {Harm +Blink rC-
                  | Dex+3}
  5725 | D:7      | Reached skill level 5 in Invocations
  5855 | D:7      | Identified the +1 robe "Poesch" {SInv}
  6084 | D:7      | Reached skill level 10 in Fighting
  6461 | D:8      | Found a sparkling altar of Nemelex Xobeh.
  6837 | D:8      | Reached XP level 10. HP: 93/93 MP: 13/13
  7375 | D:8      | Found a bloodstained altar of Trog.
  7451 | D:9      | Found a staircase to the Lair.
  7576 | D:9      | Reached skill level 5 in Dodging
  7787 | D:9      | Noticed a tengu warrior
  7800 | D:9      | Reached ****** piety under Lugonu
  7812 | D:9      | Banished a tengu warrior
  7824 | D:9      | Noticed a boulder beetle
  7908 | D:9      | Banished a boulder beetle
  7909 | D:9      | Reached skill level 5 in Shields
  8174 | D:9      | Identified the +0 ring mail of the Snail {Harm rC- Regen+
                  | Int+8}
  8253 | D:9      | Found Kaereter's Armour Shoppe.
  8358 | D:9      | Found a sacrificial altar of Ru.
  8768 | Lair:1   | Entered Level 1 of the Lair of Beasts
  9178 | Lair:1   | Noticed a five-headed hydra
  9193 | Lair:1   | Killed a five-headed hydra
  9194 | Lair:1   | Reached skill level 11 in Fighting
  9194 | Lair:1   | Reached XP level 11. HP: 65/102 MP: 16/16
 10567 | Lair:2   | Noticed a seven-headed hydra
 10576 | Lair:2   | Banished a seven-headed hydra
 10829 | Lair:2   | Found a staircase to the Shoals.
 11788 | Lair:2   | Identified a scroll of acquirement
 11788 | Lair:2   | Acquired the +1 tower shield of the Evil One {rPois}
 12096 | Lair:2   | Identified the +3 robe "Juloisu" {rC- rN+ Dex+5}
 12499 | Lair:2   | Reached skill level 12 in Fighting
 12515 | Lair:2   | Reached XP level 12. HP: 106/112 MP: 18/18
 12542 | Lair:2   | Found the +8 whip "Snakebite" {venom, curare, rPois}
 12626 | Lair:2   | Found a runed translucent gate.
 12626 | Lair:2   | Found a runed translucent gate.
 12626 | Lair:2   | Found a runed translucent gate.
 12627 | Lair:2   | Noticed reversiblehash's ghost (journeyman GnFi)
 12627 | Lair:2   | Noticed TacoSundae's ghost (journeyman DsIE)
 12628 | Lair:2   | Noticed DemonSlayer's ghost (journeyman DsFE)
 13135 | Lair:3   | Noticed an eight-headed hydra
 13157 | Lair:3   | Banished an eight-headed hydra
 13454 | Lair:3   | Identified the +0 robe "Kaoros" {rN++ Int-4}
 13703 | Lair:3   | HP: 5/112 [naga/+0 trident (7)]
 13703 | Lair:3   | HP: 1/112 [constriction (4)]
 13707 | Lair:3   | Escaped the Abyss
 14062 | Lair:3   | Noticed a five-headed hydra
 14071 | Lair:3   | Banished a five-headed hydra
 14504 | Lair:3   | Found a staircase to the Snake Pit.
 15116 | Lair:4   | Found a bloodstained altar of Trog.
 16578 | Lair:5   | Found a staircase to the Slime Pits.
 16578 | Lair:5   | Found a viscous altar of Jiyva.
 17034 | Lair:5   | Noticed a six-headed hydra
 17034 | Lair:5   | Noticed an eight-headed hydra
 17035 | Lair:5   | Noticed a six-headed hydra
 17035 | Lair:5   | Noticed a catoblepas
 17051 | Lair:5   | Slain by a komodo dragon

Illustrated notes

Levels and vault maps discovered:
D:1:      saegor_arrival_simple_e, layout_rooms, serial_bayou_crossing
D:2:      layout_loops_ring, serial_bayou_pond_e, mrwooster_statue_mirror
D:3:      layout_loops_ring, ebering_ecumenical_altar_ruins,
          corexii_item_surrounded_by_moat, minmay_circle_x
D:4:      layout_cave_pools, lemuel_coloured_pillars_altar,
          mainiacjoe_overflow_brackets, gup_sewer_entry_pipe,
          minmay_misc_feat_diagonals
D:5:      layout_cave_pools, nicolae_overflow_crystal_walls,
          kennysheep_mini_moat, kennysheep_vampire_church, serial_glass,
          glass_columns_a, glass_columns_a, uniq_crazy_yiuf_cottage,
          uniq_sigmund
D:6:      layout_basic, minmay_overflow_temple_star_quad,
          mainiacjoe_overflow_catch_the_wave, minmay_temple_entry_junction_2,
          serial_shops, shop, minivault_19
D:7:      layout_loops_corners, uniq_maggie
D:8:      layout_loops_ring, mainiacjoe_overflow_concentric_impassable,
          mainiacjoe_overflow_alcove_4
D:9:      layout_roguey, mainiacjoe_overflow_paths, erik_lair_orcish_takeover,
          serial_shops, kennysheep_mini, minmay_checkerbox
Lair:1:   layout_layer_cave, grunt_megastairs_3, infiniplex_staircase_pool_2,
          lemuel_fruit_fields, lemuel_fruit_tree
Lair:2:   minmay_guarded_unrand_snakebite, layout_misc_corridors,
          minmay_shoals_entry_centaurs, gammafunk_ghost_cemetery
Lair:3:   layout_hall_layers, minmay_snake_entry_guardpost_medium,
          roderic_batcave, nicolae_lair_lil_pond, evilmike_ambush
          [evilmike_ambush_outer_basic, evilmike_ambush_inner_cross],
          infiniplex_staircase_pool
Lair:4:   wad_woods_stonehenge, layout_regular_city
Lair:5:   nzn_winding_woodlands_three_and_one
          [nzn_winding_woodlands_5x15_pockets,
          nzn_winding_woodlands_5x15_river_crossing,
          nzn_winding_woodlands_5x15_crooked,
          nzn_winding_woodlands_center_triple_pond], layout_cave_pods,
          slime_altar_1, hangedman_lair_unloving_vines, beast_lair_carwin_6

Skill      XL: |  1  2  3  4  5  6  7  8  9 10 11 12 |
---------------+-------------------------------------+-----
Fighting       | 4 5 6 7 9 10 11 12 | 12.7
Axes           | 3 5 6 |  6.0
Maces & Flails | 2 5 6 7 8 9 |  9.7
Invocations    | 3 5 7 8 9 |  9.7
Dodging        | 3 4 6 7 8 |  8.2
Shields        | 1 3 5 7 9 |  9.3

Action                   |  1- 3 |  4- 6 |  7- 9 | 10-12 || total
-------------------------+-------+-------+-------+-------++-------
Melee: Hand axe          |   111 |   170 |    21 |       ||   302
       Tailslap          |    12 |    17 |    60 |   117 ||   206
       Punch             |     1 |     1 |     2 |       ||     4
       Whip              |       |       |   387 |   738 ||  1125
       Dagger            |       |       |       |     5 ||     5
Invok: Banish            |       |     1 |     1 |     7 ||     9
       Bend Space        |       |       |       |     2 ||     2
       Depart the Abyss  |       |       |       |     1 ||     1
       Enter the Abyss   |       |       |       |     1 ||     1
 Abil: Breathe Frost     |       |       |    11 |    14 ||    25
Evoke: Wand              |       |       |       |     4 ||     4
  Use: Scroll            |       |     6 |    11 |     8 ||    25
       Potion            |       |     3 |       |     6 ||     9
 Stab: Sleeping          |       |     1 |     3 |       ||     4
       Petrified         |       |       |       |     7 ||     7
Armor: Skin              |    37 |   101 |   154 |   190 ||   482
Dodge: Dodged            |    65 |   101 |   216 |   310 ||   692
Block: Kite shield       |       |       |    62 |   166 ||   228
       Tower shield      |       |       |       |   338 ||   338
